 Seeded DCSS version 0.31-a0-986-g5e6e4ef867 (webtiles) character file.

Game seed: 7227494833309967033 (custom seed)

51 timneilson the Ruffian (level 3, -2/24 HPs)
             Began as an Octopode Shapeshifter on Nov 12, 2023.
             Slain by Ijyb
             ... wielding a +0 dagger
              (5 damage)
             ... on level 2 of the Dungeon.
             The game lasted 00:01:51 (1028 turns).

timneilson the Ruffian (Octopode Shapeshifter)      Turns: 1028, Time: 00:01:51

Health: -2/24      AC:  1    Str: 15    XL:     3   Next: 83%
Magic:  4/4        EV: 10    Int: 12    God:
Gold:   85         SH:  0    Dex: 11    Spells: 0/3 levels left

rFire   . .          .
                       - Unarmed
rCold   . . .        (no shield)
rNeg    . . .        (helmet currently unavailable)
rPois   .            (no amulet)
rElec   .            (no ring)
rCorr   .            (no ring)
SInv    .            (no ring)
Will    .....        (no ring)
Stlth   ++           (no ring)
HPRegen 0.24/turn    (no ring)
MPRegen 0.09/turn    (no ring)
                     (no ring)

%: no passive effects
@: beast-form, grasped by roots, constricted
A: beast (slay +1), almost no armour, amphibious, 8 rings, camouflage 1,
gelatinous body 1, (nimble swimmer 1), tentacles
a: Begin Untransformation


You were on level 2 of the Dungeon.
You were a hulking beast.
You visited 1 branch of the dungeon, and saw 2 of its levels.

You collected 85 gold pieces.

Inventory:

Talismans
 b - a beast talisman
 c - a flux talisman
Scrolls
 e - a scroll of identify {unknown}
 f - a scroll of teleportation {unknown}
Potions
 a - 2 potions of lignification


   Skills:
 * Level 1.9 Fighting
 * Level 2.5 Dodging
 + Level 1.1 Stealth
 * Level 3.2 Unarmed Combat
 + Level 0.7 Spellcasting
 + Level 0.0 Air Magic
 * Level 3.2 Shapeshifting


You couldn't memorise any spells.
You knew the following spells:

 Your Spells              Type           Power      Damage    Failure   Level
a - Swiftness             Air            0%         N/A       67%         3

Your spell library contained the following spells:

 Spells                   Type           Power      Damage    Failure   Level
 Shock                    Conj/Air       0%         1d3       30%         1
 Airstrike                Air            0%         2d(0-16)  97%         4


Dungeon Overview and Level Annotations

Branches:
Dungeon (2/15)

Altars:

Annotations:
D:2 Ijyb


Innate Abilities, Weirdness & Mutations

You are a hulking beast.
Your limbs bulge with bestial killing power. (Slay +1)
You cannot wear most types of armour.
You are amphibious.
You can wear up to eight rings at the same time.
Your skin changes colour to match your surroundings (Stealth+).
Your rubbery body absorbs attacks. (AC +1, EV +1)
((You are camouflaged when in or above water. (Stealth+)))
You have tentacles for arms and can constrict up to eight enemies at once.


Message History

You barely miss the goblin. Your grab misses the goblin.
You squeeze the goblin.
You kill the goblin!
You see here a +0 club.
You see here a +0 club.
You see here a +0 club.
You tentacle-slap Ijyb but do no damage.
Your grab misses Ijyb. Your squeeze misses Ijyb.
Ijyb screams, "Me very upset!"
Ijyb hits you with a +0 dagger. The goblin completely misses you.
You tentacle-slap Ijyb. Your grab misses Ijyb.
Ijyb is lightly wounded.
Ijyb zaps a wand.
The roots erupt in riotous growth!
The grasping roots grab you!
Ijyb is unaffected.
The goblin is unaffected.
The grasping roots constrict you.
You hear a shout!
Unknown command.
You closely miss Ijyb. Your grab misses Ijyb.
Ijyb is lightly wounded.
The goblin barely misses you. Ijyb hits you with a +0 dagger.
The grasping roots constrict you.
* * * LOW HITPOINT WARNING * * *
Unknown command.
You escape the roots grasp.
Ijyb zaps a wand.
The roots erupt in riotous growth!
The goblin is unaffected.
The grasping roots grab you!
The goblin is unaffected.
Ijyb is unaffected.
The grasping roots constrict you.
* * * LOW HITPOINT WARNING * * *
You see here a +0 club.
Unknown command.
It was a potion of curing.
You feel better. The grasping roots constrict you.
* * * LOW HITPOINT WARNING * * *
The goblin hits you but does no damage.
You closely miss Ijyb. Your grab misses Ijyb.
Ijyb is lightly wounded.
The goblin closely misses you.
You closely miss Ijyb. Your grab misses Ijyb.
Ijyb is lightly wounded.
Ijyb hits you with a +0 dagger.
You die...

...............#############
##############.# #)# 8g....8
#.# ....... #.## 8.....8
#..# ....... ##.##8.....8
#).#....... ##h#8.....8
#gg.....!. ##g..?....
#########


You could see Ijyb and 2 goblins.

Vanquished Creatures
  A worm (D:2)
  A dart slug (D:1)
  2 ball pythons
  5 endoplasms
  A giant cockroach (D:1)
  6 hobgoblins
  4 jackals (D:1)
  2 kobolds
  A quokka (D:1)
  4 bats (D:1)
  3 frilled lizards
  7 goblins
  2 rats (D:1)
39 creatures vanquished.

Notes
Turn   | Place    | Note
-------+----------+-------------------------------------------
     0 | D:1      | timneilson the Octopode Shapeshifter began the quest for
                  | the Orb.
     0 | D:1      | Reached XP level 1. HP: 13/13 MP: 1/1
   101 | D:1      | Reached XP level 2. HP: 9/18 MP: 2/2
   302 | D:1      | Reached XP level 3. HP: 21/23 MP: 3/3
   496 | D:1      | Reached skill level 1 in Stealth
   876 | D:2      | Learned a level 3 spell: Swiftness
   970 | D:2      | Noticed Ijyb
  1028 | D:2      | Slain by Ijyb

Illustrated notes

Levels and vault maps discovered:
D:1:      ncdulo_watergridlock, layout_basic
D:2:      kennysheep_the_goblin_king, layout_basic

Skill      XL: |  1  2  3 |
---------------+----------+-----
Stealth        | 1 |  1.1
Fighting       | |  1.9
Dodging        | |  2.5
Unarmed Combat | |  3.2
Spellcasting   | |  0.7
Shapeshifting  | |  3.2

Action                     || total
---------------------------++-------
  Melee: Unarmed           ||    78
         Constrict         ||    16
         Tentacles         ||    17
         Punch             ||     2
    Use: Scroll            ||     2
         Potion            ||     1
   Stab: Sleeping          ||     7
 Armour: Skin              ||    30
  Dodge: Dodged            ||    50

Table legend: (Time is in decaauts)
 A = Elapsed time spent in this place.
 B = Non-inter-level travel time spent in this place.
 C = Inter-level travel time spent in this place.
 D = Time resting spent in this place.
 E = Time spent auto-exploring this place.
 F = Levels seen in this place.
 G = Mean time per level.
                   A        B        C        D        E       F      G
               +--------+--------+--------+--------+--------+-----+--------+
         Total |   1023 |   1019 |      4 |      0 |    754 |   2 |  511.5 |
       Dungeon |   1023 |   1019 |      4 |      0 |    754 |   2 |  511.5 |
               +--------+--------+--------+--------+--------+-----+--------+

Top non-repeatable levels by time:
     D:1: 737 daAuts
     D:2: 286 daAuts
